 Dungeon Crawl Stone Soup version 0.19.1-1-g22dce08 (webtiles) character file.

0 Gargoyl the Skirmisher (level 1, 0/19 HPs)
             Began as a Ghoul Abyssal Knight on Jan 10, 2017.
             Was a Follower of Lugonu.
             Slain by a naga warrior
             ... wielding a +0 hand axe
              (18 damage)
             ... on level 3 of the Abyss.
             The game lasted 00:00:43 (138 turns).

Gargoyl the Skirmisher (Ghoul Abyssal Knight)        Turns: 138, Time: 00:00:44

Health: 0/19       AC:  3    Str: 15    XL:     1   Next: 0%
Magic:  1/1        EV: 11    Int:  7    God:    Lugonu [*.....]
Gold:   0          SH:  0    Dex:  8    Spells: 0 memorised, 0 levels left

rFire  . . .     SeeInvis .     a - +1 hand axe
rCold  + . .     Gourm    .     b - +0 leather armour
rNeg   + + +     Faith    .     (no shield)
rPois  ∞         Spirit   .     (no helmet)
rElec  .         Reflect  .     (no cloak)
rCorr  .         Harm     .     (no gloves)
MR     .....                    (no boots)
Stlth  +.........               (no amulet)
                                (no ring)
                                (no ring)

@: rotting, slowed, very slow
A: rotting body, claws 1, carnivore 3, cold resistance 1, negative energy
resistance 3, slow regeneration 1, torment resistance, unbreathing
a: Depart the Abyss, Renounce Religion


You were on level 3 of the Abyss.
You worshipped Lugonu.
Lugonu was aware of your devotion.
You were not hungry.

You visited 0 branches of the dungeon, and saw 0 of its levels.
You visited the Abyss 1 time.

Inventory:

Hand Weapons
 a - a +1 hand axe (weapon)
Armour
 b - a +0 leather armour (worn)
Potions
 d - a potion of mutation {unknown}
Comestibles
 c - a meat ration


   Skills:
 + Level 3.2 Fighting
 + Level 1.7 Axes
 + Level 1.7 Armour
 + Level 0.8 Dodging
 + Level 2.0 Invocations


You couldn't memorise any spells.
You didn't know any spells.

Dungeon Overview and Level Annotations

Branches:
Dungeon (0/15)

Altars:


Innate Abilities, Weirdness & Mutations

Your body is rotting away.
You thrive on raw meat.
You are immune to poison.
You have sharp fingernails.
You are carnivorous and can eat meat at any time.
Your flesh is cold resistant. (rC+)
You are immune to negative energy. (rN+++)
You regenerate slowly when monsters are visible.
You are immune to unholy pain and torment.
You can survive without breathing.


Message History

Found a hide-covered altar of Uskayaw.
Tentacles burst from the starspawn's body! 2 starspawn tentacles come into view.
A naga and a guardian serpent come into view.
The guardian serpent shouts!
The naga shouts!
You hear a bark!
The guardian serpent moves out of view.
The guardian serpent coils itself and waves its upper body at you.
You feel yourself slow down.
The guardian serpent casts a spell at you.
The bolt of poison hits you! You resist.
A hellephant comes into view.
The guardian serpent coils itself and waves its upper body at you.
You feel as though you will be slow longer.
A naga warrior comes into view. It is wielding a hand axe.
The naga warrior shouts!
The guardian serpent casts a spell.
The naga warrior blinks!
The naga warrior hits you with a hand axe!!
Ouch! That really hurt!
You die...

.#..###_. .
#.#..#..N.. #.##
#.#.####.#.#..#
.
.....#.N.##.###
....#....####3##
......#.#..#...
.#.#..#..#..# .
#......#.##
#####S#NN.#
#..@..# #.#.#.##
#.....###..
#...### #...
#.Y# ##.# #..# #
.##


You could see a naga warrior, a guardian serpent, a ynoxinul (wandering) and a
naga.

Vanquished Creatures (others)
  6 starspawn tentacles (Abyss:3)
6 creatures vanquished.

Notes
Turn   | Place    | Note
-------+----------+-------------------------------------------
     0 | Abyss:1  | Gargoyl the Ghoul Abyssal Knight began the quest for the Orb.
     0 | Abyss:1  | Reached XP level 1. HP: 19/19 MP: 1/1
    37 | Abyss:2  | Noticed a crocodile
    37 | Abyss:2  | Noticed an eight-headed hydra
    37 | Abyss:2  | Noticed a spiny frog
    81 | Abyss:3  | Noticed a tentacled starspawn
   105 | Abyss:3  | Found a hide-covered altar of Uskayaw.
   126 | Abyss:3  | Noticed a guardian serpent
   126 | Abyss:3  | Noticed a naga
   132 | Abyss:3  | Found a hide-covered altar of Uskayaw.
   137 | Abyss:3  | Noticed a hellephant
   138 | Abyss:3  | Noticed a naga warrior
   138 | Abyss:3  | Slain by a naga warrior

Action                   || total
-------------------------++-------
  Use: Scroll            ||     1
Armor: Leather armour    ||     1
Dodge: Dodged            ||     2
